 Dungeon Crawl Stone Soup version 0.31-a0-188-g5e087ee2ca (webtiles) character file.

Game seed: 13696446155660746102

729 qw the Skirmisher (level 7, -1/40 HPs)
             Began as a Deep Elf Hunter on June 22, 2023.
             Was an Initiate of Okawaru.
             Slain by Sigmund
             ... wielding a +0 scythe
              (5 damage)
             ... on level 5 of the Dungeon.
             The game lasted 00:01:37 (4604 turns).

qw the Skirmisher (Deep Elf Hunter)                 Turns: 4604, Time: 00:01:38

Health: -1/40      AC:  7    Str: 10    XL:     7   Next: 44%
Magic:  9/9        EV: 10    Int: 14    God:    Okawaru [......]
Gold:   187        SH:  0    Dex: 18    Spells: 6/6 levels left

rFire   + . .        Y - +1 shortbow
rCold   + . .        (shield currently unavailable)
rNeg    . . .        l - +0 scale mail
rPois   .            (no helmet)
rElec   .            f - scarf {rC+ rF+}
rCorr   .            (no gloves)
SInv    .            g - +0 pair of boots
Will    .....        (no amulet) Stlth
                     (no ring)
HPRegen 0.26/turn    (no ring)
MPRegen 0.11/turn

%: no passive effects
@: confused
A: no striking features
a: Renounce Religion


You were on level 5 of the Dungeon.
You worshipped Okawaru.
Okawaru was noncommittal.
You visited 2 branches of the dungeon, and saw 6 of its levels.

You collected 299 gold pieces.
You spent 112 gold pieces at shops.


   Skills:
 - Level 2.1 Fighting
 + Level 10.9 Ranged Weapons
 - Level 1.2 Armour
 - Level 4.1 Dodging
 - Level 1.2 Stealth


You had 6 spell levels left.
You didn't know any spells.
Your spell library was empty.

Inventory:

Hand Weapons
 Y - a +1 shortbow (weapon)
Armour
 f - a scarf of resistance (worn)
 g - a +0 pair of boots (worn)
 l - a +0 scale mail (worn)
Wands
 a - a wand of digging (5)
Scrolls
 j - 2 scrolls of identify
Potions
 e - 2 potions of haste
 h - a potion of cancellation {unknown}
 i - 2 potions of might
 k - a potion of lignification {unknown}

Dungeon Overview and Level Annotations

Branches:
Dungeon (5/15)             Temple (1/1) D:5

Altars:
Ashenzari
Cheibriados
Dithmenos
Elyvilon
Fedhas
Gozag
Hepliaklqana
Kikubaaqudgha
Makhleb
Nemelex Xobeh
Okawaru
Qazlal
Ru
Sif Muna
Trog
Uskayaw
Vehumet
Wu Jian
Xom
Yredelemnul
Zin
The Shining One

Shops:
D:1 !   D:3 ([

Annotations:
D:5 Edmund, Sigmund


Message History

Enter note:
Enter note:
Enter note:
Enter note: You shoot an arrow.
The arrow hits Sigmund but does no damage.
Sigmund hits you with a +0 scythe.
You shoot an arrow. The arrow hits Sigmund.
Sigmund is lightly wounded.
Your surroundings suddenly seem different.
Enter note:
Enter note:
Enter note:
Enter note:
Enter note:
Enter note:
Enter note:
Enter note:
Enter note: You start resting.
Sigmund is nearby!
You shoot an arrow. The arrow barely misses Sigmund.
Sigmund screams, "You will never...
NEVER!!!"
Sigmund casts a spell at you. The puff of flame hits you. You resist.
You shoot an arrow. The arrow hits Sigmund!
Sigmund is heavily wounded.
You shoot an arrow. The arrow barely misses Sigmund.
Sigmund hits you from afar with a +0 scythe!
You shoot an arrow. The arrow hits Sigmund.
Sigmund is heavily wounded.
Sigmund giggles. "Time to reap what you sow."
Sigmund casts a spell at you.
You are confused.
Sigmund casts a spell.
Sigmund flickers and vanishes!
Deactivating autopickup; reactivate with Ctrl-A.
You shoot an arrow. Something hits you.
You die...

.............# #...#..#
..........(..#..#...@..#
.............#..#......#
..^..........#......#..#
.............#..##..#..#
..?.........#..#)..#..#
..##.....#.##.##..#..#
#...##.#..# #..@.{.#..#
#####..# .# #


There were no monsters in sight!

Vanquished Creatures
  Eustachio (D:4)
  An ogre (D:4)
  2 scorpions
  3 hounds
  A quasit (D:4)
  2 jellies
  An iguana (D:4)
  5 adders
  3 shadow imps
  3 white imps (D:4)
  An ufetubus (D:4)
  3 worms
  2 dart slugs (D:1)
  An orc (D:3)
  7 ball pythons
  7 bats
  4 endoplasms
  4 giant cockroaches
  7 goblins
  10 hobgoblins
  4 quokkas
  2 frilled lizards
  11 kobolds
  7 rats
  A butterfly (D:5)
93 creatures vanquished.

Notes
Turn   | Place    | Note
-------+----------+-------------------------------------------
     0 | D:1      | qw the Deep Elf Hunter began the quest for the Orb.
     0 | D:1      | Reached XP level 1. HP: 12/12 MP: 3/3
     0 | D:1      | 0 ||| qw: Version: 0.3-a-9-g12657ce
     0 | D:1      | 0 ||| qw: Game counter: 3021
     0 | D:1      | 0 ||| qw: Always use a shield: true
     0 | D:1      | 0 ||| qw: God list: Okawaru
     0 | D:1      | 0 ||| qw: Allow faded altars: false
     0 | D:1      | 0 ||| qw: Do Orc after D:15 true
     0 | D:1      | 0 ||| qw: Do second Lair branch before Depths: true
     0 | D:1      | 0 ||| qw: Lair rune preference: random
     0 | D:1      | 0 ||| qw: Plans: Normal
     0 | D:1      | 0 ||| PLANNING D:1-11
    83 | D:1      | Reached skill level 6 in Ranged Weapons
    83 | D:1      | Reached XP level 2. HP: 13/16 MP: 4/4
   126 | D:1      | Found Couts's Distillery.
   163 | D:1      | 163 ||| SHOPLISTING potion of curing (39 gold, have 29).
   163 | D:1      | 163 ||| SHOPLISTING potion of enlightenment (65 gold, have
                  | 29).
   163 | D:1      | 163 ||| SHOPLISTING potion of haste (130 gold, have 29).
   163 | D:1      | 163 ||| SHOPLISTING potion of heal wounds (65 gold, have
                  | 29).
   163 | D:1      | 163 ||| SHOPLISTING potion of mutation (104 gold, have 29).
   587 | D:1      | Reached XP level 3. HP: 20/20 MP: 5/5
   644 | D:1      | 644 ||| UPGRADING to scarf of resistance.
   649 | D:1      | 649 ||| READING scroll labelled NOPTONL MARE.
   650 | D:1      | 650 ||| READING scroll labelled KAWAIW YMOYZXI.
   655 | D:1      | 655 ||| DRINKING 2 bubbling grey potions.
   656 | D:1      | 656 ||| DROPPING scroll of butterflies.
   738 | D:2      | 738 ||| STAIRDANCE
   753 | D:2      | 753 ||| STAIRDANCE
   949 | D:2      | Found a faded altar of an unknown god.
  1110 | D:2      | Reached skill level 7 in Ranged Weapons
  1257 | D:2      | 1257 ||| STAIRDANCE
  1320 | D:2      | Reached XP level 4. HP: 25/25 MP: 6/6
  1532 | D:2      | 1532 ||| DROPPING scarf of shadows.
  1538 | D:2      | 1538 ||| STAIRDANCE
  1830 | D:3      | Found Jonguh's Antique Armour Shoppe.
  1838 | D:3      | Reached skill level 8 in Ranged Weapons
  1851 | D:3      | 1851 ||| SHOPLISTING glowing scarf (200 gold, have 135).
  1851 | D:3      | 1851 ||| BUYING pair of boots (112 gold).
  1851 | D:3      | Bought a pair of boots for 112 gold pieces
  1851 | D:3      | 1851 ||| SHOPLISTING ring mail (100 gold, have 23).
  1851 | D:3      | 1851 ||| SHOPLISTING runed helmet (187 gold, have 23).
  1851 | D:3      | 1851 ||| SHOPLISTING scale mail (100 gold, have 23).
  1851 | D:3      | 1851 ||| SHOPLISTING shiny pearl dragon scales (2552 gold,
                  | have 23).
  2245 | D:3      | Reached XP level 5. HP: 29/29 MP: 7/7
  2616 | D:3      | Found Kerekah's Weapon Shop.
  2627 | D:3      | 2627 ||| UPGRADING to +0 pair of boots.
  2632 | D:3      | 2632 ||| READING scroll labelled ZECEDA POOQIAL.
  2740 | D:4      | Reached skill level 9 in Ranged Weapons
  2819 | D:4      | Found an ancient bone altar of Kikubaaqudgha.
  2819 | D:4      | Found an opulent altar of Gozag.
  2819 | D:4      | Found a snail-covered altar of Cheibriados.
  2825 | D:4      | Found a bloodstained altar of Trog.
  2826 | D:4      | Found an ornate altar of the Wu Jian Council.
  2829 | D:4      | Found a radiant altar of Vehumet.
  2833 | D:4      | Found a stormy altar of Qazlal.
  2837 | D:4      | Found a shimmering altar of Xom.
  2838 | D:4      | Found a basalt altar of Yredelemnul.
  2865 | D:4      | Noticed an ogre
  2872 | D:4      | HP: 6/29 [ogre/+0 giant club (23)]
  2873 | D:4      | 2873 ||| READING 2 scrolls of teleportation.
  2874 | D:4      | HP: 2/29 [ogre/+0 giant club (4)]
  2876 | D:4      | Killed an ogre
  2877 | D:4      | Reached XP level 6. HP: 3/34 MP: 8/8
  2878 | D:4      | 2878 ||| FLEEEEING.
  2879 | D:4      | 2879 ||| STAIRDANCE
  2999 | D:3      | 2999 ||| READING scroll labelled REYPSEBRYTON.
  3063 | D:3      | 3063 ||| DRINKING 3 fuming grey potions.
  3064 | D:3      | 3064 ||| DROPPING 2 potions of attraction.
  3201 | D:4      | Found a sacrificial altar of Ru.
  3507 | D:4      | HP: 8/35 [white imp (2)]
  3508 | D:4      | 3508 ||| READING 2 scrolls of teleportation.
  3508 | D:4      | HP: 2/35 [white imp (2)]
  3769 | D:4      | 3769 ||| READING scroll labelled GAMU QOKHUU.
  3770 | D:4      | 3770 ||| READING scroll labelled INICAH FU YNA.
  3813 | D:5      | Entered Level 5 of the Dungeon
  3813 | D:5      | Noticed Eustachio
  3822 | D:5      | 3822 ||| STAIRDANCE
  3825 | D:4      | Killed Eustachio
  3826 | D:4      | Reached skill level 10 in Ranged Weapons
  3826 | D:4      | Reached XP level 7. HP: 18/40 MP: 9/9
  3990 | D:5      | Found a white marble altar of Elyvilon.
  4066 | D:5      | Found a staircase to the Ecumenical Temple.
  4067 | D:5      | 4067 ||| PLANNING TEMPLE
  4067 | D:5      | 4067 ||| UPGRADING to +0 scale mail.
  4077 | D:5      | 4077 ||| DROPPING +0 leather armour.
  4078 | D:5      | 4078 ||| READING scroll labelled VAOLEU DIGOIB.
  4079 | D:5      | 4079 ||| READING 3 scrolls labelled GYSIUD LIOSI.
  4080 | D:5      | 4080 ||| DRINKING 3 orange potions.
  4081 | D:5      | 4081 ||| READING 2 scrolls of identify.
  4081 | D:5      | 4081 ||| IDENTIFYING black potion
  4082 | D:5      | 4082 ||| DROPPING potion of ambrosia.
  4083 | D:5      | 4083 ||| DROPPING 2 scrolls of poison.
  4085 | D:5      | 4085 ||| Stepping ~*~*~tactically~*~*~ (cloud).
  4205 | Temple   | Entered the Ecumenical Temple
  4221 | Temple   | 4221 ||| PLANNING OKAWARU WORSHIP
  4337 | Temple   | Became a worshipper of Warmaster Okawaru
  4338 | Temple   | 4338 ||| PLANNING D:1-11
  4507 | D:5      | Reached skill level 1 in Armour
  4551 | D:5      | Noticed Edmund
  4558 | D:5      | HP: 9/40 [Edmund/+1 dire flail of distortion (5)]
  4559 | D:5      | 4559 ||| READING scroll of teleportation.
  4559 | D:5      | Noticed Sigmund
  4560 | D:5      | HP: 4/40 [Sigmund/+0 scythe (2)]
  4601 | D:5      | HP: 3/40 [Sigmund/+0 scythe (9)]
  4604 | D:5      | Slain by Sigmund

Levels and vault maps discovered:
D:1:      elethiomel_arrival_shortcut, layout_loops_cross, serial_shops, shop,
          st_stairs_2
D:2:      kb_forest_paths, layout_basic, shapermc_ecumenical_altar_flowoftime,
          grunt_ministairs_12
D:3:      layout_basic, serial_shops, shop, nicolae_shop_bloodbath_and_beyond
D:4:      layout_loops_ring, mainiacjoe_overflow_brackets,
          nicolae_overflow_hallway_of_the_gods, serial_demonic,
          serial_demonic_e, serial_demonic_f, serial_demonic_d,
          serial_demonic_c, serial_demonic_d, serial_demonic_a
D:5:      layout_rooms, nicolae_elyvilon_peaceful_grove,
          minmay_temple_entry_grid, sigmund_edmund_badplayer, uniq_eustachio
Temple:   jpeg_temple_clearing

Skill      XL: |  1  2  3  4  5  6  7 |
---------------+----------------------+-----
Ranged Weapons | 6 7 8 9 10 | 10.9
Dodging        | 4 |  4.1
Fighting       | 2 |  2.1
Armour         | 1 |  1.2
Stealth        | |  1.2

Action                     |  1- 3 |  4- 6 |  7- 9 || total
---------------------------+-------+-------+-------++-------
   Fire: Shortbow          |   110 |   215 |    43 ||   368
    Use: Scroll            |     2 |     6 |     4 ||    12
         Potion            |     1 |     1 |     1 ||     3
 Armour: Leather armour    |    12 |    19 |     2 ||    33
         Scale mail        |       |       |     2 ||     2
  Dodge: Dodged            |    24 |    68 |    13 ||   105

Table legend:
 A = Non-vault XP
 B = Vault XP
 C = Vault XP percentage of total XP
 D = Non-vault monster count
 E = Vault monster count
 F = Vault count percentage of total count
                 A         B        C        D         E       F
            +---------+---------+-------+---------+---------+-------
      Total |     732 |     310 |  29.8 |      75 |      17 |  18.5
            +---------+---------+-------+---------+---------+-------
        D:1 |      45 |       4 |   8.2 |      24 |       3 |  11.1
        D:2 |      90 |       9 |   9.1 |      18 |       6 |  25.0
        D:3 |      65 |       0 |   0.0 |      14 |       0 |   0.0
        D:4 |     347 |     297 |  46.1 |      15 |       8 |  34.8
        D:5 |     185 |       0 |   0.0 |       4 |       0 |   0.0
            +---------+---------+-------+---------+---------+-------
